Workbook

Sheet price list
B1: NÁSTROJE CZ, s.r.o. - price list | E1: customer discount: | G1: set by clicking here
A3: S výhradou práva změny nebo chyby v uvedených cenách
A4: With the right to change or make errors in the listed prices. Mit Gesetzesvorbehalt Änderungen oder Fehler in den angegebenen Preisen.
A6: +DVZ+ = do vyprodání zásob, until stocks go out
A7: RRP = recommended retail price for end user, PP = purchase price | E7: Aktualizace | H7: Aktualizace
A8: ceny bez DPH, prices without VAT, Preise ohne MwSt. | E8: Update | H8: Update
E9: 44927 | H9: 45047
A10: Code | B10: Description | C10: EAN | D10: kategorie | E10: RRP CZK | F10: P.S. | G10: PP CZK | H10: RRP EUR | I10: PP EUR
A11: 1121RNHSS0020 | B11: Drill 00,20 DIN 221121, DIN 338 RNHSS Roll forged, black finish | C11: 8592667300002 | D11: 1121RNHSS | E11: 69.421488 | F11: CR | G11: =E11*(1-VLOOKUP(F11,discount!$A$2:$B$140,2,FALSE)) -> 69.421488 | H11: =E11/24 -> 2.892562 | I11: =G11/24 -> 2.892562
A12: 1121RNHSS0020Q | B12: Drill 00,20 DIN 221121, DIN 338 RNHSS Roll forged, black finish QuadroPack | C12: 8592667039353 | D12: 1121RNHSS | E12: 69.421488 | F12: CR | G12: =E12*(1-VLOOKUP(F12,discount!$A$2:$B$140,2,FALSE)) -> 69.421488 | H12: =E12/24 -> 2.892562 | I12: =G12/24 -> 2.892562
A13: 1121RNHSS0030 | B13: Drill 00,30 DIN 221121, DIN 338 RNHSS Roll forged, black finish | C13: 8592667012622 | D13: 1121RNHSS | E13: 57.024793 | F13: CR | G13: =E13*(1-VLOOKUP(F13,discount!$A$2:$B$140,2,FALSE)) -> 57.024793 | H13: =E13/24 -> 2.3760331 | I13: =G13/24 -> 2.3760331
A14: 1121RNHSS0030Q | B14: Drill 00,30 DIN 221121, DIN 338 RNHSS Roll forged, black finish QuadroPack | C14: 8592667000100 | D14: 1121RNHSS | E14: 57.024793 | F14: CR | G14: =E14*(1-VLOOKUP(F14,discount!$A$2:$B$140,2,FALSE)) -> 57.024793 | H14: =E14/24 -> 2.3760331 | I14: =G14/24 -> 2.3760331
A15: 1121RNHSS0035 | B15: Drill 00,35 DIN 221121, DIN 338 RNHSS Roll forged, black finish | C15: 8592667012639 | D15: 1121RNHSS | E15: 37.355372 | F15: CR | G15: =E15*(1-VLOOKUP(F15,discount!$A$2:$B$140,2,FALSE)) -> 37.355372 | H15: =E15/24 -> 1.5564738 | I15: =G15/24 -> 1.5564738
A16: 1121RNHSS0035Q | B16: Drill 00,35 DIN 221121, DIN 338 RNHSS Roll forged, black finish QuadroPack | C16: 8592667000117 | D16: 1121RNHSS | E16: 37.355372 | F16: CR | G16: =E16*(1-VLOOKUP(F16,discount!$A$2:$B$140,2,FALSE)) -> 37.355372 | H16: =E16/24 -> 1.5564738 | I16: =G16/24 -> 1.5564738
A17: 1121RNHSS0040 | B17: Drill 00,40 DIN 221121, DIN 338 RNHSS Roll forged, black finish | C17: 8592667012646 | D17: 1121RNHSS | E17: 45.454545 | F17: CR | G17: =E17*(1-VLOOKUP(F17,discount!$A$2:$B$140,2,FALSE)) -> 45.454545 | H17: =E17/24 -> 1.8939394 | I17: =G17/24 -> 1.8939394
A18: 1121RNHSS0040Q | B18: Drill 00,40 DIN 221121, DIN 338 RNHSS Roll forged, black finish QuadroPack | C18: 8592667000124 | D18: 1121RNHSS | E18: 45.454545 | F18: CR | G18: =E18*(1-VLOOKUP(F18,discount!$A$2:$B$140,2,FALSE)) -> 45.454545 | H18: =E18/24 -> 1.8939394 | I18: =G18/24 -> 1.8939394
A19: 1121RNHSS0045 | B19: Drill 00,45 DIN 221121, DIN 338 RNHSS Roll forged, black finish | C19: 8592667012653 | D19: 1121RNHSS | E19: 45.454545 | F19: CR | G19: =E19*(1-VLOOKUP(F19,discount!$A$2:$B$140,2,FALSE)) -> 45.454545 | H19: =E19/24 -> 1.8939394 | I19: =G19/24 -> 1.8939394
A20: 1121RNHSS0045Q | B20: Drill 00,45 DIN 221121, DIN 338 RNHSS Roll forged, black finish QuadroPack | C20: 8592667000131 | D20: 1121RNHSS | E20: 45.454545 | F20: CR | G20: =E20*(1-VLOOKUP(F20,discount!$A$2:$B$140,2,FALSE)) -> 45.454545 | H20: =E20/24 -> 1.8939394 | I20: =G20/24 -> 1.8939394
A21: 1121RNHSS0050 | B21: Drill 00,50 DIN 221121, DIN 338 RNHSS Roll forged, black finish | C21: 8592667012660 | D21: 1121RNHSS | E21: 45.454545 | F21: CR | G21: =E21*(1-VLOOKUP(F21,discount!$A$2:$B$140,2,FALSE)) -> 45.454545 | H21: =E21/24 -> 1.8939394 | I21: =G21/24 -> 1.8939394
A22: 1121RNHSS0050Q | B22: Drill 00,50 DIN 221121, DIN 338 RNHSS Roll forged, black finish QuadroPack | C22: 8592667000148 | D22: 1121RNHSS | E22: 45.454545 | F22: CR | G22: =E22*(1-VLOOKUP(F22,discount!$A$2:$B$140,2,FALSE)) -> 45.454545 | H22: =E22/24 -> 1.8939394 | I22: =G22/24 -> 1.8939394
... A17436: VSSV9P1 | B17436: Sales stand of stepped drills HSS 9pcs (No.1 3x,No.2 2x,No.3 2x,No.9 2x) | C17436: 8592667502796 | D17436: VS stupňovité vrtáky | E17436: 16971.074 | F17436: VS | G17436: =E17436*(1-VLOOKUP(F17436,discount!$A$2:$B$140,2,FALSE)) -> 16971.074 | H17436: =E17436/24 -> 707.1281 | I17436: =G17436/24 -> 707.1281

Sheet discount
A1: sales group | B1: discount | D1: back to the price list
A2: 4CZ-H | B2: 0
A3: 4CZ-O | B3: 0
A4: AU | B4: 0
A5: BU | B5: 0
A6: BUS | B6: 0
A7: BV | B7: 0
A8: BW | B8: 0
A9: CIM | B9: 0
A10: CR | B10: 0
A11: CR SD | B11: 0
A12: CZ | B12: 0
A13: CZ SD | B13: 0
... A48: VS | B48: 0
